 Dungeon Crawl Stone Soup version 0.29-a0-870-g2c972031a6 (webtiles) character file.

Game seed: 6492783344031430464

7557 reriks the Cleaver (level 10, 0/138 (139) HPs)
             Began as a Minotaur Berserker on July 17, 2022.
             Was an Elder of Trog.
             Slain by a 14-headed hydra (8 damage)
             ... on level 9 of the Dungeon.
             The game lasted 00:10:38 (10493 turns).

reriks the Cleaver (Minotaur Berserker)            Turns: 10493, Time: 00:10:39

HP:   0/138 (139)   AC: 17    Str: 25    XL:     10   Next: 96%
MP:   9/9           EV:  9    Int:  4    God:    Trog [****..]
Gold: 508           SH:  8    Dex: 11    Spells: 9/9 levels left

rFire   . . .      SeeInvis +   a - +1 hand axe
rCold   . . .      Faith    .   f - +2 buckler
rNeg    . . .      Spirit   .   B - +1 plate armour
rPois   .          Reflect  .   (helmet unavailable)
rElec   .          Harm     .   (no cloak)
rCorr   .          Rampage  .   z - +1 Delatra's gloves {ID++}
Will    .....                   (no boots)
Stlth   ..........              l - amulet of the acrobat
HPRegen 0.33/turn               u - ring of see invisible
MPRegen 0.11/turn               y - ring of flight

@: berserking, flying, lightly drained, very quick
A: horns 3, retaliatory headbutt, see invisible
a: Renounce Religion, Berserk, Trog's Hand, Brothers in Arms


You were on level 9 of the Dungeon.
You worshipped Trog.
Trog was greatly pleased with you.
You visited 1 branch of the dungeon, and saw 9 of its levels.

You collected 508 gold pieces.

Inventory:

Hand Weapons
 a - a +1 hand axe (weapon)
Missiles
 h - 4 silver javelins (quivered)
 o - 3 throwing nets
 E - 2 javelins
Armour
 b - a +0 animal skin
 f - a +2 buckler (worn)
 m - a +0 chain mail
 t - the +1 robe of Gece {rF+}
   (You found it on level 4 of the Dungeon)

   rF:        It protects you from fire.
 z - the +1 Delatra's gloves (worn) {ID++}
   (You found it on level 3 of the Dungeon)

   It heals its wearer when they drink unknown potions.
   It restores its wearer's MP when they read unknown scrolls.
 B - a +1 plate armour (worn)
Jewellery
 l - an amulet of the acrobat (around neck)
 u - a ring of see invisible (left hand)
 y - a ring of flight (right hand)
 H - a ring of protection from fire
Wands
 v - a wand of roots (10)
 x - a wand of light (7)
 D - a wand of polymorph (5)
 G - a wand of flame (13)
 I - a wand of digging (6)
Scrolls
 d - 3 scrolls of teleportation
 e - a scroll of enchant armour
 i - a scroll of enchant weapon
 j - 4 scrolls of magic mapping
 k - a scroll of fog
 J - 3 scrolls of poison {unknown}
Potions
 c - 2 potions of mutation
 g - 11 potions of curing
 n - a potion of cancellation
 p - a potion of haste {unknown}
 q - 2 potions of heal wounds
 r - 2 potions of brilliance
 s - 2 potions of degeneration
 w - 2 potions of lignification {unknown}
 A - a potion of invisibility {unknown}
 C - a potion of flight {unknown}
 F - a potion of attraction {unknown}


   Skills:
 + Level 9.8 Fighting
 + Level 9.9 Axes
 + Level 9.5 Armour
 + Level 8.7 Dodging
 + Level 8.7 Shields


You had 9 spell levels left.
You didn't know any spells.
Your spell library was empty.

Dungeon Overview and Level Annotations

Branches:
Dungeon (9/15)             Temple (0/1) D:7            Lair (0/5) D:9
    Orc: D:9-12

Altars:
Cheibriados
Kikubaaqudgha
Qazlal
Lugonu

Annotations:
D:7 1 transporter


Innate Abilities, Weirdness & Mutations

You have a pair of large horns on your head.
You reflexively headbutt those who attack you in melee.
You have supernaturally acute eyesight. (SInv)


Message History

The 11-headed hydra grows two more!
You slash the 13-headed hydra!
The 13-headed hydra is severely wounded.
The 13-headed hydra closely misses you.
You block the 13-headed hydra's attack. x2
The 13-headed hydra bites you but does no damage.
You block the 13-headed hydra's attack.
The 13-headed hydra bites you but does no damage.
The 13-headed hydra barely misses you. x2; The 13-headed hydra bites you.
The 13-headed hydra bites you! The 13-headed hydra closely misses you.
The 13-headed hydra bites you but does no damage. x2
You barely miss the 13-headed hydra.
The 13-headed hydra is severely wounded.
You hack one of the 13-headed hydra's heads off!
The 12-headed hydra grows two more!
You slice the 14-headed hydra!!
The 14-headed hydra is almost dead.
The 14-headed hydra bites you!
* * * LOW HITPOINT WARNING * * *
The 14-headed hydra bites you!
* * * LOW HITPOINT WARNING * * *
The 14-headed hydra bites you but does no damage.
You block the 14-headed hydra's attack. The 14-headed hydra closely misses you.
The 14-headed hydra bites you.
* * * LOW HITPOINT WARNING * * *
The 14-headed hydra bites you but does no damage.
You block the 14-headed hydra's attack.
The 14-headed hydra bites you but does no damage. x2
You block the 14-headed hydra's attack. The 14-headed hydra misses you.
The 14-headed hydra bites you.
* * * LOW HITPOINT WARNING * * *
The 14-headed hydra bites you but does no damage.
You barely miss the 14-headed hydra. You headbutt the 14-headed hydra.
The 14-headed hydra is almost dead.
The 14-headed hydra bites you.
* * * LOW HITPOINT WARNING * * *
You block the 14-headed hydra's attack. x3; The 14-headed hydra bites you.
* * * LOW HITPOINT WARNING * * *
The 14-headed hydra bites you but does no damage.
The 14-headed hydra bites you.
* * * LOW HITPOINT WARNING * * *
The 14-headed hydra bites you!
You die...

## ## #$# #$#
#### #.# #c#
###..# .# #.#
#D###...##
#.#
#.###@##.###
.# #.#
#.#.##.[# #.#
#.# #.###.##
#.#
#.#.#.##>#
#.# #}###.#.#
#.#.#.#.##.#
#.###.###.#
.#.#.#.#.##.#
#.# #)###)#.#


You could see a 14-headed hydra and a centaur warrior.

Vanquished Creatures
  Harold (D:9)
  A two-headed ogre (D:9)
  A manticore (D:8)
  2 trolls (D:9)
  A hornet (D:9)
  A shadow (D:9)
  14 yaks
  3 wyverns
  An acid dragon (D:9)
  A water moccasin (D:8)
  3 orc warriors
  A black bear (D:4)
  2 ice beasts
  A sky beast (D:8)
  A centaur (D:9)
  A phantom (D:4)
  2 scorpions
  4 bullfrogs
  A gnoll sergeant (D:9)
  5 wights (D:9)
  8 killer bees
  3 jellies
  4 hounds
  An iron imp (D:8)
  2 orc priests
  4 iguanas
  4 orc wizards
  4 gnolls (D:6)
  3 adders
  A white imp (D:5)
  2 worms
  5 dart slugs
  27 orcs
  11 ball pythons
  8 bats
  5 endoplasms
  3 giant cockroaches
  7 goblins
  8 hobgoblins
  A jackal (D:2)
  7 kobolds
  5 quokkas
  A frilled lizard (D:2)
  A rat (D:1)
172 creatures vanquished.

Vanquished Creatures (collateral kills)
  An orc (D:6)
1 creature vanquished.

Vanquished Creatures (others)
  10 plants (D:7)
10 creatures vanquished.

Grand Total: 183 creatures vanquished

Notes
Turn   | Place    | Note
-------+----------+-------------------------------------------
     0 | D:1      | reriks the Minotaur Berserker began the quest for the Orb.
     0 | D:1      | Reached XP level 1. HP: 19/19 MP: 0/0
   135 | D:1      | Reached XP level 2. HP: 20/27 MP: 1/1
   803 | D:1      | Reached XP level 3. HP: 31/33 MP: 2/2
   993 | D:1      | Reached ** piety under Trog
  1776 | D:2      | Found a faded altar of an unknown god.
  1798 | D:2      | Reached XP level 4. HP: 31/41 MP: 3/3
  2147 | D:2      | Found an ancient bone altar of Kikubaaqudgha.
  2640 | D:3      | Found the +1 Delatra's gloves {ID++}
  3023 | D:3      | Found the +7 staff of the Meek {protect, meekguard}
  3336 | D:4      | Reached skill level 1 in Shields
  3336 | D:4      | Reached XP level 5. HP: 38/47 MP: 4/4
  3753 | D:4      | Noticed a fire elemental
  3755 | D:4      | Found a stormy altar of Qazlal.
  3757 | D:4      | Noticed an air elemental
  3757 | D:4      | Noticed a water elemental
  3793 | D:4      | Noticed a black bear
  3799 | D:4      | Killed a black bear
  3800 | D:4      | Reached skill level 5 in Fighting
  3806 | D:4      | Identified the +1 robe of Gece {rF+}
  3832 | D:4      | Noticed a phantom
  3860 | D:5      | Entered Level 5 of the Dungeon
  3884 | D:5      | Reached skill level 5 in Axes
  3884 | D:5      | Reached XP level 6. HP: 56/56 MP: 5/5
  4116 | D:5      | Reached *** piety under Trog
  4882 | D:6      | Noticed a wyvern
  4894 | D:6      | Killed a wyvern
  4895 | D:6      | Reached XP level 7. HP: 61/61 MP: 6/6
  5038 | D:6      | Reached skill level 5 in Armour
  5370 | D:6      | HP: 3/62 [orc warrior/+0 short sword (5)]
  5768 | D:6      | Reached skill level 5 in Dodging
  5772 | D:6      | Reached XP level 8. HP: 70/70 MP: 7/7
  6721 | D:7      | Gained mutation: You possess an exceptional clarity of
                  | mind. [potion of mutation]
  6721 | D:7      | Gained mutation: You occasionally shout uncontrollably at
                  | your foes. [potion of mutation]
  6721 | D:7      | Gained mutation: You frequently scream uncontrollably at
                  | your foes. [potion of mutation]
  6722 | D:7      | Lost mutation: You possess an exceptional clarity of mind.
                  | [potion of mutation]
  6722 | D:7      | Lost mutation: You frequently scream uncontrollably at your
                  | foes. [potion of mutation]
  6722 | D:7      | Lost mutation: You occasionally shout uncontrollably at
                  | your foes. [potion of mutation]
  6722 | D:7      | Gained mutation: You have supernaturally acute eyesight.
                  | (SInv) [potion of mutation]
  6722 | D:7      | Gained mutation: You have a pair of large horns on your
                  | head. [potion of mutation]
  7017 | D:7      | Reached skill level 5 in Shields
  7781 | D:7      | Found a staircase to the Ecumenical Temple.
  8026 | D:7      | Noticed a brown ugly thing
  8027 | D:7      | Found a transporter.
  8027 | D:7      | Noticed a cyan ugly thing
  8028 | D:7      | Found a corrupted altar of Lugonu.
  8028 | D:7      | Noticed a brown ugly thing
  8028 | D:7      | Noticed a small abomination
  8029 | D:7      | Noticed a raiju
  8105 | D:8      | Reached XP level 9. HP: 79/79 MP: 8/8
  8778 | D:8      | Reached XP level 10. HP: 90/90 MP: 9/9
  8977 | D:8      | Found a snail-covered altar of Cheibriados.
  9143 | D:8      | Noticed a manticore
  9152 | D:8      | Killed a manticore
  9625 | D:9      | Identified the +2 spear of Melaf {drain, rN+ Str+4}
  9625 | D:9      | Identified the +0 ring mail of the Shrike {-Cast rElec
                  | Str+6}
  9662 | D:9      | Reached **** piety under Trog
  9752 | D:9      | Found a staircase to the Lair.
  9852 | D:9      | Noticed Harold
  9864 | D:9      | Killed Harold
 10318 | D:9      | Noticed a two-headed ogre
 10334 | D:9      | Killed a two-headed ogre
 10480 | D:9      | Noticed a centaur warrior
 10480 | D:9      | Noticed a six-headed hydra
 10493 | D:9      | Slain by a 14-headed hydra

Illustrated notes

Levels and vault maps discovered:
D:1:      dpeg_arrival_tiny_a, layout_basic
D:2:      layout_basic, nicolae_ecumenical_snake_handling, basic_altar,
          minmay_close_crescents
D:3:      layout_loops_ring, pf_guarded_unrand_delatra
D:4:      kennysheep_big_flooded_room, layout_rooms,
          nicolae_qazlal_style_of_elements
D:5:      layout_rooms
D:6:      layout_basic, minivault_23
D:7:      gammafunk_corrupted_shrine, layout_loops_corners,
          nicolae_elyvilon_temple_path, minmay_temple_entry_statues
D:8:      black_bear_nest_2, layout_gridville, slow_altar_1, serial_bayou,
          serial_bayou_crossing, serial_bayou_pond_e, serial_bayou_shore_b,
          serial_bayou_shore_b
D:9:      minmay_imperfect_grid, layout_rooms,
          nemelex_xobeh_ov_fountains_minmay, fedhas_altar_1, uniq_harold

Skill      XL: |  1  2  3  4  5  6  7  8  9 10 |
---------------+-------------------------------+-----
Fighting       | 4 5 6 7 8 9 |  9.8
Axes           | 4 5 6 7 8 9 |  9.9
Armour         | 3 4 5 6 8 9 |  9.5
Dodging        | 3 4 5 6 7 8 |  8.7
Shields        | 1 2 3 4 5 7 8 |  8.7

Action                   |  1- 3 |  4- 6 |  7- 9 | 10-12 || total
-------------------------+-------+-------+-------+-------++-------
Melee: Hand axe          |    77 |   119 |   220 |   147 ||   563
       Headbutt          |     8 |    24 |    41 |    32 ||   105
Throw: Javelin           |       |       |     1 |       ||     1
Invok: Berserk           |     1 |     4 |     7 |     4 ||    16
  Use: Scroll            |       |       |    17 |     2 ||    19
       Potion            |       |       |     3 |     1 ||     4
 Stab: Sleeping          |     1 |       |       |       ||     1
       Distracted        |       |       |       |     1 ||     1
Armor: Animal skin       |    14 |       |       |       ||    14
       Chain mail        |       |    51 |       |       ||    51
       Plate armour      |       |     1 |   100 |    78 ||   179
Dodge: Dodged            |    33 |    54 |    84 |    64 ||   235
Block: Buckler           |    10 |    32 |    57 |    76 ||   175

Table legend: (Time is in decaauts)
 A = Elapsed time spent in this place.
 B = Non-inter-level travel time spent in this place.
 C = Inter-level travel time spent in this place.
 D = Time resting spent in this place.
 E = Time spent auto-exploring this place.
 F = Levels seen in this place.
 G = Mean time per level.
                   A        B        C        D        E       F      G
               +--------+--------+--------+--------+--------+-----+--------+
         Total |  10640 |  10006 |    634 |   3779 |   4691 |   9 | 1182.2 |
       Dungeon |  10640 |  10006 |    634 |   3779 |   4691 |   9 | 1182.2 |
               +--------+--------+--------+--------+--------+-----+--------+

Top non-repeatable levels by time:
     D:8: 1816 daAuts
     D:1: 1377 daAuts
     D:6: 1290 daAuts
     D:5: 1281 daAuts
     D:2: 1211 daAuts
     D:7: 1144 daAuts
     D:4: 1080 daAuts
     D:3: 808 daAuts
     D:9: 627 daAuts
